 Dungeon Crawl Stone Soup version 0.31.0-11-ge490571c62 (webtiles) character file.

Game seed: 7904676985140873549

66 qw the Shooter (level 3, 0/20 HPs)
             Began as a Deep Elf Hunter on Feb 4, 2024.
             Slain by Sigmund
             ... wielding a +2 scythe of pain
              (8 damage)
             ... on level 2 of the Dungeon.
             The game lasted 00:00:04 (1034 turns).

qw the Shooter (Deep Elf Hunter)                    Turns: 1034, Time: 00:00:05

Health: 0/20       AC:  5    Str: 10    XL:     3   Next: 96%
Magic:  5/5        EV: 11    Int: 13    God:
Gold:   97         SH:  0    Dex: 18    Spells: 2/2 levels left

rFire   . . .        b - +1 shortbow (drain)
rCold   . . .        (shield currently unavailable)
rNeg    . . .        h - +1 ring mail
rPois   .            (no helmet)
rElec   .            (no cloak)
rCorr   +            (no gloves)
SInv    .            (no boots)
Will    .....        (no amulet)
Stlth   +            d - ring of resist corrosion
HPRegen 0.23/turn    (no ring)
MPRegen 0.09/turn

%: no passive effects
@: brilliant
A: iridescent scales 1, deformed body, MP-powered wands
a: no special abilities


You were on level 2 of the Dungeon.
You visited 1 branch of the dungeon, and saw 2 of its levels.

You collected 221 gold pieces.
You spent 124 gold pieces at shops.


Innate Abilities, Weirdness & Mutations

You are partially covered in iridescent scales. (AC +2)
Armour fits poorly on your strangely shaped body.
You expend magic power (3 MP) to strengthen your wands.


   Skills:
 - Level 1.5 Fighting
 + Level 7.4 Ranged Weapons
 - Level 2.4 Dodging
 - Level 1.2 Stealth


You had 2 spell levels left.
You didn't know any spells.
Your spell library was empty.

Inventory:

Hand Weapons
 b - a +1 shortbow of draining (weapon)
Armour
 h - a +1 ring mail (worn)
Jewellery
 d - a ring of resist corrosion (left hand)
Scrolls
 a - a scroll of identify {unknown}

Dungeon Overview and Level Annotations

Branches:
Dungeon (2/15)

Altars:

Shops:
D:2 (

Annotations:
D:2 Sigmund


Message History

You shoot an arrow. The arrow hits the jackal.
You kill the jackal!
You shoot an arrow. The arrow hits the jackal.
You kill the jackal!
A bat comes into view.
You shoot an arrow. The arrow completely misses the bat.
The bat hits you but does no damage.
You shoot an arrow. The arrow hits the bat.
You drain the bat.
You kill the bat!
You see here a bat corpse.
Sigmund the Dreaded comes into view.
He is wielding a +2 scythe of pain.
You shoot an arrow.
The arrow hits Sigmund but does no damage.
You drain Sigmund.
Sigmund shouts!
Sigmund is lightly wounded.
You shoot an arrow.
The arrow hits Sigmund but does no damage.
Sigmund is lightly wounded.
Sigmund casts a spell at you.
You are confused.
1029 ||| DRINKING dark potion.
It was a potion of brilliance.
You feel clever all of a sudden. Sigmund closely misses you.
1030 ||| DRINKING sedimented grey potion.
It was a potion of mutation.
You feel extremely strange.
You feel your magical essence link to the dungeon's wands.
Your body twists and deforms.
Iridescent scales grow over part of your body.
Sigmund hits you from afar with a +2 scythe of pain.
Sigmund casts a spell.
Sigmund flickers and vanishes!
Deactivating autopickup; reactivate with Ctrl-A.
You shoot an arrow. Something hits you!
Ouch! That really hurt!
You shoot an arrow.
You feel less confused. Something hits you!
You die...

.........<..#
#####.##.####
#.##.#.. #.. #
#.##.#.# .... .#
#.##.#.# ..### #.#
#.##.#.#.....#...
#.##.#.#.###.#.#
#.##.#.....#...##
####....#.###.#@.{.#
.%.%....%...#....#.#
########.#..#.###..#
#..........##
###.....#### #######


There were no monsters in sight!

Vanquished Creatures
  A gnoll (D:1)
  An adder (D:2)
  A dart slug (D:2)
  3 ribbon worms (D:2)
  6 bats
  2 endoplasms (D:1)
  2 giant cockroaches
  3 goblins
  3 jackals
  5 kobolds (D:1)
  A quokka (D:2)
  2 ball pythons
  3 frilled lizards (D:1)
  5 rats
38 creatures vanquished.

Notes
Turn   | Place    | Note
-------+----------+-------------------------------------------
     0 | D:1      | qw the Deep Elf Hunter began the quest for the Orb.
     0 | D:1      | Reached XP level 1. HP: 12/12 MP: 3/3
     0 | D:1      | 0 ||| qw: Version: 0.3-a-160-g6735b56
     0 | D:1      | 0 ||| qw: Game counter: 5173
     0 | D:1      | 0 ||| qw: Melee chars always use a shield: true
     0 | D:1      | 0 ||| qw: God list: Okawaru
     0 | D:1      | 0 ||| qw: Allow faded altars: false
     0 | D:1      | 0 ||| qw: Do Orc after clearing Dungeon:15 true
     0 | D:1      | 0 ||| qw: Do second Lair branch before Depths: true
     0 | D:1      | 0 ||| qw: Lair rune preference: random
     0 | D:1      | 0 ||| qw: Goals: Normal
     0 | D:1      | 0 ||| PLANNING D:1-11
    60 | D:1      | Reached skill level 6 in Ranged Weapons
    60 | D:1      | Reached XP level 2. HP: 16/16 MP: 4/4
   307 | D:1      | Found a faded altar of an unknown god.
   471 | D:1      | Reached XP level 3. HP: 20/20 MP: 5/5
   541 | D:1      | 541 ||| UPGRADING to +0 ring mail.
   551 | D:1      | 551 ||| DROPPING +0 leather armour.
   576 | D:1      | 576 ||| UPGRADING to ring of resist corrosion.
   577 | D:1      | 577 ||| READING scroll labelled LUKHIMP GODWOJ.
   578 | D:1      | 578 ||| READING scroll labelled SOCKAB KARIPE.
   579 | D:1      | 579 ||| READING scroll labelled OVOXAO LEUCOSCH.
   579 | D:1      | 579 ||| ENCHANTING +0 ring mail.
   580 | D:1      | 580 ||| DROPPING scroll of butterflies.
   598 | D:2      | Found Xuagh's Weapon Shoppe.
   608 | D:2      | 608 ||| BUYING +1 shortbow of draining (124 gold).
   608 | D:2      | Bought a +1 shortbow of draining for 124 gold pieces
   608 | D:2      | 608 ||| SWAPPING to +1 shortbow of draining.
   609 | D:2      | 609 ||| DROPPING +0 shortbow.
   897 | D:2      | Reached skill level 7 in Ranged Weapons
  1026 | D:2      | Noticed Sigmund
  1029 | D:2      | 1029 ||| DRINKING dark potion.
  1030 | D:2      | 1030 ||| DRINKING sedimented grey potion.
  1030 | D:2      | Gained mutation: You expend magic power (3 MP) to
                  | strengthen your wands. [potion of mutation]
  1030 | D:2      | Gained mutation: Armour fits poorly on your strangely
                  | shaped body. [potion of mutation]
  1030 | D:2      | Gained mutation: You are partially covered in iridescent
                  | scales. (AC +2) [potion of mutation]
  1034 | D:2      | Slain by Sigmund

Levels and vault maps discovered:
D:1:      beargit_arrival_greenhouse, layout_loops_cross,
          dreamdust_ecumenical_altar_angels_and_demons
D:2:      layout_basic, serial_shops, nicolae_shop_competitors_out_of_business,
          hangedman_abyss_or_decor_stabs, hangedman_decor_push, uniq_sigmund

Skill      XL: |  1  2  3 |
---------------+----------+-----
Ranged Weapons | 6 7 |  7.4
Fighting       | |  1.5
Dodging        | |  2.4
Stealth        | |  1.2

Action                     || total
---------------------------++-------
   Fire: Shortbow          ||    95
    Use: Scroll            ||     3
         Potion            ||     2
 Armour: Ring mail         ||    15
  Dodge: Dodged            ||    15

Table legend:
 A = Non-vault XP
 B = Vault XP
 C = Vault XP percentage of total XP
 D = Non-vault monster count
 E = Vault monster count
 F = Vault count percentage of total count
                 A         B        C        D         E       F
            +---------+---------+-------+---------+---------+-------
      Total |      95 |       0 |   0.0 |      38 |       0 |   0.0
            +---------+---------+-------+---------+---------+-------
        D:1 |      44 |       0 |   0.0 |      21 |       0 |   0.0
        D:2 |      51 |       0 |   0.0 |      17 |       0 |   0.0
            +---------+---------+-------+---------+---------+-------
